 Dungeon Crawl Stone Soup version 0.29-a0-322-g68df515428 (webtiles) character file.

Game seed: 5099815122420988304

325 EriolAelfwine the Chopper (level 6, 0/56 HPs)
             Began as a Minotaur Fighter on Apr 6, 2022.
             Slain by an orc
             ... wielding a +2 short sword of holy wrath
              (5 damage)
             ... on level 6 of the Dungeon.
             The game lasted 00:03:39 (2611 turns).

EriolAelfwine the Chopper (Minotaur Fighter)        Turns: 2611, Time: 00:03:43

Health: 0/56       AC:  3    Str: 23    XL:     6   Next: 24%
Magic:  5/5        EV:  9    Int:  5    God:
Gold:   128        SH:  4    Dex:  9    Spells: 5/5 levels left

rFire   . . .      SeeInvis .   a - +0 war axe
rCold   . . .      Faith    .   c - +0 buckler
rNeg    . . .      Spirit   .   b - +0 scale mail
rPois   .          Reflect  .   (helmet restricted)
rElec   .          Harm     .   (no cloak)
rCorr   .          Rampage  .   (no gloves)
Will    .....                   (no boots)
Stlth   ..........              (no amulet)
HPRegen 0.18/turn               (no ring)
MPRegen 0.09/turn               (no ring)

@: corroded
A: horns 2, retaliatory headbutt
a: no special abilities


You were on level 6 of the Dungeon.
You visited 1 branch of the dungeon, and saw 4 of its levels.

You collected 128 gold pieces.

Inventory:

Hand Weapons
 a - a +0 war axe (weapon)
Armour
 b - a +0 scale mail (worn)
 c - a +0 buckler (worn)
Jewellery
 n - an amulet of magic regeneration
Scrolls
 f - 2 scrolls of identify {unknown}
 g - a scroll of silence {unknown}
 h - a scroll of fear {unknown}
 j - 2 scrolls of brand weapon {unknown}
 m - a scroll of teleportation {unknown}
 o - a scroll of amnesia {unknown}
Potions
 d - a potion of might
 e - a potion of attraction {unknown}
 i - a potion of brilliance {unknown}
 k - a potion of haste {unknown}
 l - a potion of mutation {unknown}


   Skills:
 + Level 5.0 Fighting
 * Level 5.3 Axes
 + Level 5.0 Armour
 + Level 4.9 Shields


You had 5 spell levels left.
You didn't know any spells.
Your spell library contained the following spells:

 Spells                   Type           Power      Damage    Failure   Level
 Scorch                   Fire           0%         2d5       94%         2
 Flame Wave               Conj/Fire      0%         2d4       100%        4
 Summon Cactus Giant      Summ           0%         N/A       100%        6


Dungeon Overview and Level Annotations

Branches:
Dungeon (3/15)

Altars:
Ru
Trog


Innate Abilities, Weirdness & Mutations

You have a pair of horns on your head.
You reflexively headbutt those who attack you in melee.


Message History

The necrophage is heavily damaged.
The necrophage closely misses you.
You slash the necrophage!
You destroy the necrophage!
The centaur unwields a +0 shortbow.
The centaur hits you.
The centaur kicks you but does no damage.
Your life force feels restored.
Your Axes skill increases to level 5!
You slash the centaur! Your headbutt misses the centaur.
The centaur is heavily wounded.
You block the centaur's attack.
The centaur kicks you but does no damage.
You slash the centaur! You headbutt the centaur.
You kill the centaur!
Your Fighting skill increases to level 5!
Your Armour skill increases to level 5!
You have reached level 6!
Things that are here:
a +0 shortbow; a centaur corpse
Okay, then.
Found a stone staircase leading up.
An acid dragon comes into view.
The acid dragon roars!
The acid dragon spits acid at you. The splash of acid hits you!!
The acid corrodes you!
Things that are here:
a +0 shortbow; a centaur corpse You are no longer corroded.
Found a ring mail.
An orc comes into view.
It is wielding a +2 short sword of holy wrath.
The orc shouts!
The acid dragon spits acid at you. The splash of acid hits you!
The acid corrodes you!
An orc comes into view. It is wielding a +0 hand axe.
The orc shouts!
The acid dragon spits acid at you. The splash of acid hits you!
* * * LOW HITPOINT WARNING * * *
The orc hits you with a +2 short sword of holy wrath.
You die...

# ##.#.##.# .# #.##
##..##.# #o##...##
#..##.#
###.#.[...###..#...
#..................
##.........###......
#.##.<.................
.#.#....o....# #......
.......@.....# #......
.###.........#####......
###..........D......).#
...........#######.##.#
#..........# #.##.#
............#######.##.#
..............D..).....#
.............###########
#.#.........#


You could see an acid dragon (catching breath) and 2 orcs.

Vanquished Creatures
  A centaur (D:6)
  A necrophage (D:6)
  2 jellies (D:6)
  An iguana (D:6)
  A gnoll (D:3)
  4 adders
  5 dart slugs
  2 bats (D:2)
  5 endoplasms
  A giant cockroach (D:1)
  6 goblins
  5 hobgoblins
  2 quokkas
  5 ball pythons
  2 frilled lizards
  3 kobolds
  8 rats
54 creatures vanquished.

Notes
Turn   | Place    | Note
-------+----------+-------------------------------------------
     0 | D:1      | EriolAelfwine the Minotaur Fighter began the quest for the
                  | Orb.
     0 | D:1      | Reached XP level 1. HP: 19/19 MP: 0/0
   170 | D:1      | Reached XP level 2. HP: 27/27 MP: 1/1
   963 | D:2      | Reached XP level 3. HP: 33/33 MP: 2/2
  1657 | D:3      | Reached XP level 4. HP: 40/40 MP: 3/3
  1987 | D:3      | Found a sacrificial altar of Ru.
  2074 | D:3      | Found a bloodstained altar of Trog.
  2311 | D:3      | You fall into a shaft and drop 3 floors!
  2328 | D:6      | Reached XP level 5. HP: 43/47 MP: 4/4
  2431 | D:6      | Noticed a centaur
  2448 | D:6      | Reached skill level 5 in Axes
  2449 | D:6      | Killed a centaur
  2450 | D:6      | Reached skill level 5 in Fighting
  2450 | D:6      | Reached skill level 5 in Armour
  2450 | D:6      | Reached XP level 6. HP: 33/56 MP: 5/5
  2584 | D:6      | Noticed an acid dragon
  2611 | D:6      | Slain by an orc

Illustrated notes

Levels and vault maps discovered:
D:1:      kilobyte_arrival_exit_the_forest, layout_loops_cross,
          minmay_misc_feat_four_crosses
D:2:      layout_basic, grunt_ministairs_1
D:3:      layout_loops_cross, lemuel_doored_altar, trog_antimagical,
          minmay_misc_feat_rows
D:6:      layout_loops_ring, minmay_temple_entry_grid, nicolae_underground_beach

Skill      XL: |  1  2  3  4  5 |
---------------+----------------+-----
Axes           | 3 4 5 |  5.3
Shields        | 4 |  4.9
Armour         | 4 5 |  5.0
Fighting       | 4 5 |  5.0

Action                   |  1- 3 |  4- 6 || total
-------------------------+-------+-------++-------
Melee: War axe           |    72 |    46 ||   118
       Headbutt          |     8 |     7 ||    15
Armor: Scale mail        |    40 |    15 ||    55
Dodge: Dodged            |    36 |    27 ||    63
Block: Buckler           |    11 |    11 ||    22

Table legend: (Time is in decaauts)
 A = Elapsed time spent in this place.
 B = Non-inter-level travel time spent in this place.
 C = Inter-level travel time spent in this place.
 D = Time resting spent in this place.
 E = Time spent auto-exploring this place.
 F = Levels seen in this place.
 G = Mean time per level.
                   A        B        C        D        E       F      G
               +--------+--------+--------+--------+--------+-----+--------+
         Total |   2659 |   2599 |     60 |      0 |   2180 |   4 |  664.8 |
       Dungeon |   2659 |   2599 |     60 |      0 |   2180 |   4 |  664.8 |
               +--------+--------+--------+--------+--------+-----+--------+

Top non-repeatable levels by time:
     D:1: 946 daAuts
     D:2: 740 daAuts
     D:3: 666 daAuts
     D:6: 305 daAuts
